 Dungeon Crawl Stone Soup version 0.26.0-45-g9c1d065592 (webtiles) character file.

Game seed: 405959664304145331

9 Descartes the Digger (level 2, 0/16 HPs)
             Began as a Deep Elf Wanderer on Jan 27, 2021.
             Slain by an ooze (4 damage)
             ... on level 2 of the Dungeon.
             The game lasted 00:01:57 (923 turns).

Descartes the Digger (Deep Elf Wanderer)             Turns: 923, Time: 00:01:57

Health: 0/16       AC:  2    Str:  7    XL:     2   Next: 3%
Magic:  7/7        EV:  6    Int: 17    God:
Gold:   49         SH:  9    Dex: 15    Spells: 4/5 levels left

rFire    . . .     SeeInvis .   a - +0 falchion
rCold    . . .     Faith    .   j - +0 tower shield
rNeg     . . .     Spirit   .   d - +0 robe
rPois    .         Reflect  .   (no helmet)
rElec    .         Harm     .   (no cloak)
rCorr    .         Rampage  .   (no gloves)
Will     .....                  (no boots)
Stlth    ++........             (no amulet)
HPRegen  0.05/turn              (no ring)
MPRegen  0.10/turn              (no ring)

@: no status effects
A: no striking features
a: no special abilities


You were on level 2 of the Dungeon.
You visited 1 branch of the dungeon, and saw 2 of its levels.

You collected 49 gold pieces.

Inventory:

Hand Weapons
 a - a +0 falchion (weapon)
 e - a +0 dagger
Missiles
 h - 13 stones (quivered)
 i - 18 arrows
 m - 16 sling bullets
Armour
 d - a +0 robe (worn)
 j - a +0 tower shield (worn)
Scrolls
 b - 2 scrolls of remove curse {unknown}
 c - a scroll of enchant armour {unknown}
 l - a scroll of fog {unknown}
Potions
 f - 2 potions of curing {unknown}
 g - a potion of lignification {unknown}
 k - a potion of mutation {unknown}


   Skills:
 - Level 1.0 Fighting
 - Level 1.0 Long Blades
 + Level 0.7 Dodging
 + Level 2.8 Stealth
 + Level 0.0 Shields
 + Level 2.0 Spellcasting
 - Level 1.1 Summonings
 + Level 3.4 Earth Magic
 - Level 1.1 Evocations


You had 4 spell levels left.
You knew the following spells:

 Your Spells              Type           Power        Failure   Level
a - Sandblast             Erth           26%          75%         1

Your spell library contained the following spells:

 Spells                   Type           Power        Failure   Level
 Summon Small Mammal      Summ           20%          97%         1
 Call Imp                 Summ           5%           99%         2
 Call Canine Familiar     Summ           5%           100%        3
 Stone Arrow              Conj/Erth      14%          100%        3
 Summon Guardian Golem    Hex/Summ       3%           100%        3
 Summon Ice Beast         Ice/Summ       3%           100%        4
 Summon Lightning Spire   Summ/Air       3%           100%        4


Dungeon Overview and Level Annotations

Branches:
Dungeon (2/15)

Altars:


Message History

An ooze comes into view.
Found a stone staircase leading down.
You hit the ooze.
The ooze is moderately wounded.
The ooze hits you.
You hit the ooze but do no damage.
The ooze is moderately wounded.
The ooze hits you.
You hit the ooze.
The ooze is heavily wounded.
The ooze hits you. x2
* * * LOW HITPOINT WARNING * * *
You are too injured to fight recklessly!
You are too injured to fight recklessly!
You are too injured to fight recklessly!
You are too injured to fight recklessly!
You hit the ooze.
The ooze is heavily wounded.
The ooze hits you.
You die...

#
################
#...............
#.############.#
#.# #.# #.# ###
#.#
###.#####.######
>.....J@.........
.##.#####.#######
#... ......
#....... #.......
#....... ......#


You could see an ooze.

Vanquished Creatures
  A leopard gecko (D:2)
  2 giant cockroaches (D:1)
  A hobgoblin (D:1)
  4 rats (D:1)
8 creatures vanquished.

Notes
Turn   | Place    | Note
-------+----------+-------------------------------------------
     0 | D:1      | Descartes the Deep Elf Wanderer began the quest for the
                  | Orb.
     0 | D:1      | Descartes set off with the following items: a +0 falchion,
                  | a +0 robe, a +0 dagger; and the following spells available
                  | to memorise: Sandblast, Summon Small Mammal, Call Imp,
                  | Stone Arrow, Call Canine Familiar, Summon Guardian Golem,
                  | Summon Ice Beast, Summon Lightning Spire
     0 | D:1      | Reached XP level 1. HP: 12/12 MP: 5/5
     2 | D:1      | Learned a level 1 spell: Sandblast
   873 | D:2      | Reached XP level 2. HP: 14/16 MP: 7/7
   923 | D:2      | Slain by an ooze

Illustrated notes

Levels and vault maps discovered:
D:1:      heliophobic_arrival_ceremonial_halls, layout_basic
D:2:      layout_basic, old_standard_altar, st_stairs_2, kennysheep_potato

Skill      XL: |  1 |
---------------+----+-----
Spellcasting   | 2 |  2.0
Fighting       | |  1.0
Long Blades    | |  1.0
Dodging        | |  0.7
Stealth        | |  2.8
Summonings     | |  1.1
Earth Magic    | |  3.4
Evocations     | |  1.1

Action                   || total
-------------------------++-------
Melee: Falchion          ||    34
 Stab: Sleeping          ||     2
Armor: Robe              ||     6
Dodge: Dodged            ||    20
       Rpst.: Falchion   ||     6
